Unix NetHack Version 5.0.0-0 post-release - last build May  4 2026 22:22:43 (774f63e81ad911689b3a0859ea89b322d5daca8d,branch:main).

Game began 2026-05-05 12:09:58, ended 2026-05-05 12:14:00.

BilldaCat, neutral male human Wizard

                   --------
                   |......|
                  --...--.|                                  ----
                  |....||.--                                --..--
                  |..---|..--                               |....|
                  ----  --..|   ----                     ---|....---.-
                         --<|  --..|           ----    ---.--........
                          |.---|...|    ----   ....--  |...........-.-
                          |....|...--  --..... --...--  -............|
                          --.....^..|  |.. |.........--- -..........-
                           --.......----.-   -.........---...@....|
                     --------............--       -...........-----
            -.............................---     |......%...--
 |..............        -.........|.........------|..........|
 -------  ----       ............-|).%..*.....--.--.........-|
             ...................-----.....%..................|
         ....................|...   |..--......>....---............|
      |........... ---......---.--  -------.........| ---...--.....|
      -- --------    --.|.--  ---         |..--.|.---   --.-- - | --
                      ----                ---------      ---
BilldaCat the Conjurer    St:9 Dx:14 Co:13 In:18 Wi:10 Ch:12  Neutral
Dlvl:4  $:19 HP:0(30) Pw:3(32) AC:8  Xp:4 T:584  Blind

Latest messages:
 The gnome is killed!
 There is a gnome corpse here; eat it? [ynq] (n) y
 This gnome corpse tastes terrible!
 The gnome lord picks up a throwing star.
 You stop eating the gnome corpse.
 The gnome lord picks up a hooded cloak.
 The gnome lord puts on a hooded cloak.
 The gnome picks up a thonged club.
 The gnome lord picks up a pair of hard shoes.
 The gnome lord puts on a pair of hard shoes.
 The gnome picks up an arrow.
 The gnome lord picks up a broad short sword.
 The gnome lord picks up a large round shield.
 You hear some noises in the distance.
 You see here a spellbook of force bolt.
 y - a spellbook of force bolt.
 An arrow shoots out at you!
 You are hit by an arrow.
 You hit the gnome.
 The gnome hits!
 You hit the gnome.
 You kill the gnome!
 A garter snake suddenly appears!
 You see here a blindfold.
 z - a blindfold.
 The garter snake is almost hit by an arrow!
 In what direction? 4
 The spell hits the garter snake!
 You kill the garter snake!
 The spell hits the garter snake!
 You kill the garter snake!
 The spell hits the garter snake!
 You kill the garter snake!
 The garter snake is almost hit by an arrow!
 In what direction? 4
 The spell hits the garter snake!
 You kill the garter snake!
 The gnome lord throws a throwing star!
 You are hit by a throwing star!
 In what direction? 4
 The spell hits the gnome lord.
 The gnome lord wields a broad short sword!
 What do you want to drink? [f-hors or ?*] ?
 A cloud of darkness falls upon you.
 What do you want to drink? [fghos or ?*] ?
 You suddenly fall asleep!
 It hits!
 It hits!
 You die...
 Do you want your possessions identified? [ynq] (y) q

Inventory:
 Coins    ('$')
  $ - 19 gold pieces
 Weapons  (')')
  a - a blessed +1 quarterstaff (weapon in hands)
 Armor    ('[')
  b - an uncursed +0 cloak of magic resistance (being worn)
 Comestibles  ('%')
  u - an uncursed beeve
  v - an uncursed food ration
 Scrolls  ('?')
  p - an uncursed scroll of confuse monster
  k - a blessed scroll of gold detection
  i - an uncursed scroll of gold detection
  j - an uncursed scroll of identify
  t - a cursed scroll of identify
  q - an uncursed scroll of magic mapping
 Spellbooks  ('+')
  m - an uncursed spellbook of cure blindness
  l - a blessed spellbook of force bolt
  y - an uncursed spellbook of force bolt
 Potions  ('!')
  s - a cursed potion of blindness
  f - an uncursed potion of paralysis
  g - a blessed potion of speed
  h - an uncursed potion of speed
 Rings    ('=')
  d - an uncursed +1 ring of protection (on left hand)
  e - an uncursed ring of shock resistance (on right hand)
 Wands    ('/')
  c - a wand of cold (0:6)
 Tools    ('(')
  z - an uncursed blindfold
  n - a magic marker (0:20)
  x - an uncursed tallow candle
  w - an uncursed towel

BilldaCat the Wizard's attributes:

Background:
 You were a Conjurer, a level 4 male human Wizard.
 You were neutral, on a mission for Thoth
 who was opposed by Ptah (lawful) and Anhur (chaotic).
 You were right-handed.
 You were in the Gnomish Mines, on level 4.
 You entered the dungeon 584 turns ago.
 You had 97 experience points, 63 more were needed to attain level 5.

Basics:
 You had 0 out of 30 hit points.
 You had 3 out of 32 energy points (spell power).
 Your armor class was 8.
 Your wallet contained 19 zorkmids.
 Autopickup was on for '$"?!/=' plus thrown, with exceptions.

Final Characteristics:
 Your strength was 9 (limit:18/100).
 Your dexterity was 14 (limit:18).
 Your constitution was 13 (limit:18).
 Your intelligence was 18 (limit:18).
 Your wisdom was 10 (limit:18).
 Your charisma was 12 (limit:18).

Final Status:
 You were temporarily blind.
 You weren't hungry.
 You were unencumbered.
 You were wielding a quarterstaff.
 You had basic skill with quarterstaff.

Final Attributes:
 You were fervently aligned.
 You were magic-protected.
 You were shock resistant.
 Your items were protected from electric shocks.
 You had a small defense bonus (+1).
 You were guarded.
 You are dead.

Miscellaneous:
 You didn't encounter any bones levels.
 Total elapsed playing time was 4 minutes and 1 second.

Major events:
 Turn
    1: BilldaCat the neutral male human Wizard entered the dungeon
  397: entered the Gnomish Mines
  471: attained the rank of Conjurer (level 3)
  584: killed by a gnome lord, while sleeping

Spells:
 Name                 Level Category     Fail Retention
 force bolt             1   attack         0%  91%-100%
 cure blindness         2   healing       43%  76%-100%

Skills:
 Fighting Skills
   bare handed combat [Unskilled]
   riding             [Unskilled]
 Weapon Skills
   dagger             [Unskilled]
   knife              [Unskilled]
   axe                [Unskilled]
   short sword        [Unskilled]
   club               [Unskilled]
   mace               [Unskilled]
   quarterstaff       [Basic]
   polearms           [Unskilled]
   spear              [Unskilled]
   trident            [Unskilled]
   sling              [Unskilled]
   dart               [Unskilled]
   shuriken           [Unskilled]
 Spellcasting Skills
   attack spells      [Basic]
   healing spells     [Unskilled]
   divination spells  [Unskilled]
   enchantment spells [Basic]
   clerical spells    [Unskilled]
   escape spells      [Unskilled]
   matter spells      [Unskilled]

Voluntary challenges:
 Character rerolling was not enabled.
 You were an atheist.
 You were illiterate.
 You never genocided any monsters.
 You never polymorphed an object.
 You never changed form.
 You used no wishes.
Achievements:
 You entered the Gnomish Mines.
 You attained the rank of Conjurer.

 The Dungeons of Doom: levels 1 to 3
    Level 1:
    Level 2:
       A fountain.
       Stairs down to The Gnomish Mines.
    Level 3:
 The Gnomish Mines: levels 3 to 4
    Level 3:
    Level 4: <- You were here.
       Final resting place for
          you, killed by a gnome lord, while sleeping.


Vanquished creatures:
  3 gnome leaders
  2 dwarves
 12 gnomes
  4 garter snakes
  a jackal
  2 foxes
  a goblin
  2 grid bugs
  a lichen
  a newt
29 creatures vanquished.

No species were genocided or became extinct.

Game over:
                       ----------
                      /          \
                     /    REST    \
                    /      IN      \
                   /     PEACE      \
                  /                  \
                  |    BilldaCat     |
                  |      19 Au       |
                  |   killed by a    |
                  |    gnome lord    |
                  |                  |
                  |                  |
                  |       2026       |
                 *|     *  *  *      | *
        _________)/\\_//(\/(/\)/\//\/|_)_______

Goodbye BilldaCat the Wizard...

You died in The Gnomish Mines on dungeon level 4 with 576 points,
and 19 pieces of gold, after 584 moves.
You were level 4 with a maximum of 30 hit points when you died.

